Jonadab, neutral male gnomish Wizard ----- $ |?(.| $ $ $ |*G.| $ $ |.I%| ------------ |...| ------------ #-..........+ ! --|-- |..........-##################**##*##|..........| # |..........| |....{...(.| # #.......<...| $ ------------ # ###|..........| ` ### # |..........| ? # ### ------------ $ $ * ----.---# $ |......|# |.......# $ |......| $ * $ |......| $ $$ $ -------- $$ $ Jonadab the Conjurer Experience level: 3 Strength: 7 Dexterity: 16 Constitution: 14 Intelligence: 17 Wisdom: 12 Charisma: 8 Health: 0(26) Energy: 27(27) Def: 1 Gold: 0 Moves: 254 Dungeon seed: HMjmY6QNc4uyu2f9 Game ID: Jonadab_1496847757 Your Inventory: Weapons a - an uncursed +0 quarterstaff (weapon in hands) m - an uncursed +0 orcish dagger Armor e - an uncursed +0 cloak of magic resistance (being worn) Comestibles o - an uncursed food ration Scrolls i - 2 uncursed scrolls of blank paper j - an uncursed scroll of blank paper t - an uncursed scroll of identify Spellbooks k - an uncursed spellbook of blank paper l - an uncursed spellbook of blank paper u - an uncursed spellbook of cure blindness Potions f - an uncursed potion of water g - an uncursed potion of water h - an uncursed potion of water Rings c - an uncursed ring of stealth d - an uncursed ring of slow digestion (on right hand) n - an uncursed ring of free action (on left hand) Wands b - an uncursed wand of cancellation (0:4) Spells and supernatural/magical abilities: Name Level Category Fail Memory a - force bolt 1 attack 0% 99% n - detect monsters 1 divination 0% 99% B - cure blindness 2 healing 61% 100% W - pray for help -- divine ? -- Your skills at the end: Fighting Skills Weapon Skills quarterstaff [Basic] Spellcasting Skills attack spells [Basic] enchantment spells [Basic] Final Attributes: You had transgressed. You were magic-protected. You had infravision. You had slower digestion. You had free action. You were unlucky. You are dead. Vanquished creatures: a kitten 3 foxes a goblin a grid bug 6 creatures vanquished. Voluntary challenges: You were an atheist. You used a wielded weapon 9 times, starting on turn 2. You read items or engraved 2 times, starting on turn 245. You never genocided any monsters. You never polymorphed an object. You never changed form. You used no wishes. You never split a pudding. You never wrote Elbereth's name. You violated your moral code, losing 25 points of alignment, starting on turn 4. Dungeon overview: The Dungeons of Doom: levels 1 to 2 Level 1 a long staircase Level 2 <- You were here a general store, a fountain History has recorded: On T:1 you entered the Dungeons of Doom to retrieve the Amulet of Yendor! On T:4 you advanced to experience level 2. On T:28 you advanced to experience level 3. On T:62 you reached level 2 of The Dungeons of Doom. Score breakdown: Gold: 0 ( 0 points) Experience: 3 levels ( 7878 points) Exploration: 2 levels ( 4.26%) ( 4423 points) Discoveries: 6 items ( 2.08%) ( 4330 points) Valuables value: (no points given unless you survive) Artifact value: 0 ( 0 points) Variety of kills: 4 monsters ( 1.05%) ( 3073 points) Turncount: 254 turns ( 0 points) Survival: died (score multiplied by 80%) Total score: 15763 Latest messages: You see here a vellum spellbook (266 zorkmids). "For you, most gracious sir; only 266 for this vellum spellbook." u - a vellum spellbook (unpaid, 266 zorkmids). You begin to memorize the runes. You add the "cure blindness" spell to your repertoire. "You owe 213 zorkmids." You hear the splashing of a naiad. You see here a lock pick (26 zorkmids). You see here a scroll of identify (26 zorkmids). Chicoutimi gets angry! You hit Chicoutimi. Chicoutimi drinks an emerald potion! Suddenly you cannot see Chicoutimi. You hear a nearby zap. Boing! You hear a nearby zap. Boing! You hear a nearby zap. Boing! You hear a nearby zap. Boing! It hits! (3x) You die... Chicoutimi takes all your possessions. Final status: Goodbye Jonadab the Wizard, killed by an invisible Mr. Chicoutimi, the shopkeeper... You died in The Dungeons of Doom on dungeon level 2 with 15763 points, and 0 pieces of gold, after 254 moves. You were level 3 with a maximum of 26 hit points when you died.